 Dungeon Crawl Stone Soup version 0.30-a0-170-g85af917532 (webtiles) character file.

Game seed: 17673316166121430868

13573 qw the Cleaver (level 12, -5/76 HPs)
             Began as a Gargoyle Fighter on Sept 30, 2022.
             Was a High Priest of Okawaru.
             Slain by an eight-headed hydra (10 damage)
             ... on level 2 of the Lair of Beasts.
             The game lasted 00:04:09 (10778 turns).

qw the Cleaver (Gargoyle Fighter)                  Turns: 10778, Time: 00:04:10

Health: -5/76      AC: 28    Str: 25    XL:     12   Next: 7%
Magic:  10/17      EV:  6    Int:  9    God:    Okawaru [*****.]
Gold:   546        SH:  6    Dex:  9    Spells: 11/11 levels left

rFire   . . .      SeeInvis .    v - +0 morningstar
rCold   + . .      Faith    .    c - +0 buckler
rNeg    + . .      Spirit   .    p - +0 plate armour
rPois   inf        Reflect  .    a - +2 hat of the Evening {Stlth+}
rElec   +          Harm     .    m - +0 cloak
rCorr   +          Rampage  .    (no gloves)
Will    .....                    (no boots)
Stlth   ..........               (no amulet)
HPRegen 0.22/turn                b - ring of resist corrosion
MPRegen 0.15/turn                r - ring of protection from cold

@: about to teleport, heroic, finesse-ful, marked, constricted
A: sickness immunity, AC +8, negative energy resistance 1, electricity
resistance, torment resistance 1, petrification resistance
a: Renounce Religion, Heroism, Finesse, Duel


You were on level 2 of the Lair of Beasts.
You worshipped Okawaru.
Okawaru was extremely pleased with you.
You visited 3 branches of the dungeon, and saw 11 of its levels.

You collected 546 gold pieces.


Innate Abilities, Weirdness & Mutations

You are immune to sickness and miasma.
Your stone body is resilient. (AC +8)
You are immune to poison.
You resist negative energy. (rN+)
You are resistant to electric shocks. (rElec)
You are resistant to unholy torment.
You are immune to petrification.


   Skills:
 + Level 9.0(14.0) Fighting
 - Level 12.0(17.0) Axes
 - Level 3.7(8.7) Throwing
 - Level 8.0(13.0) Armour
 - Level 2.0(7.0) Dodging
 - Level 6.0(11.0) Shields
 + Level 7.9 Invocations


You had 11 spell levels left.
You didn't know any spells.
Your spell library was empty.

Inventory:

Hand Weapons
 v - a +0 morningstar (weapon)
 Y - a +2 vampiric war axe
Missiles
 o - 2 boomerangs (quivered)
Armour
 a - the +2 hat of the Evening (worn) {Stlth+}
   (You acquired it on level 6 of the Dungeon)

   Stlth:     It makes you more stealthy.
 c - a +0 buckler (worn)
 m - a +0 cloak (worn)
 p - a +0 plate armour (worn)
Jewellery
 b - a ring of resist corrosion (left hand)
 r - a ring of protection from cold (right hand)
Scrolls
 h - 5 scrolls of teleportation
 u - a scroll of identify
Potions
 d - a potion of might
 f - 4 potions of curing
 g - a potion of resistance
 j - a potion of attraction
 k - a potion of magic {unknown}
 n - a potion of degeneration {unknown}
 q - a potion of heal wounds
 s - a potion of invisibility {unknown}
 t - a potion of lignification {unknown}

Dungeon Overview and Level Annotations

Branches:
Dungeon (8/15)             Temple (1/1) D:7            Lair (2/5) D:8
 Shoals (0/4) Lair:2
  Snake: Lair:2-3    Spider: Lair:2-3

Altars:
Ashenzari
Cheibriados
Dithmenos
Elyvilon
Fedhas
Gozag
Kikubaaqudgha
Makhleb
Nemelex Xobeh
Okawaru
Qazlal
Ru
Sif Muna
Trog
Vehumet
Xom
Yredelemnul
Zin

Shops:
D:1 (

Annotations:
D:5 3 runed translucent doors, 1 transporter, qw's ghost, novice GrFi
D:8 4 transporters


Message History

The eight-headed hydra bites you!
The eight-headed hydra bites you but does no damage.
You block the eight-headed hydra's attack.
The eight-headed hydra bites you but does no damage.
The cane toad stings you! The naga hits you but does no damage.
The naga barely misses you.
You hit the eight-headed hydra.
The eight-headed hydra is lightly wounded.
The naga hits you but does no damage. The naga grabs you.
The naga constricts you.
The naga hits you from afar with a +0 trident.
The black bear bites you.
The black bear claws you but does no damage. x2
You barely miss the naga.
The cane toad stings you but does no damage.
The eight-headed hydra barely misses you.
The eight-headed hydra bites you but does no damage.
The eight-headed hydra barely misses you.
The eight-headed hydra bites you but does no damage.
You block the eight-headed hydra's attack.
The eight-headed hydra bites you but does no damage. x2
The eight-headed hydra completely misses you.
You hit the naga.
The naga is lightly wounded.
The naga hits you with a +0 scimitar.
The naga hits you from afar with a +0 trident.
The black bear bites you but does no damage.
The black bear claws you.
The black bear claws you but does no damage.
10778 ||| READING 6 scrolls of teleportation.
As you read the scroll of teleportation, it crumbles to dust.
You feel strangely unstable. You block the cane toad's attack.
The eight-headed hydra bites you but does no damage.
You block the eight-headed hydra's attack.
The eight-headed hydra bites you.
The eight-headed hydra closely misses you.
The eight-headed hydra barely misses you.
The eight-headed hydra bites you!
You die...

.. ........#........ .(.
##...... ...#....... ....
#.#....##..#........
.....##................ยค..
...................
................... ..
......?(.N..................
.........#Nh................
........(.#@..#.............
.........NNDF...............
........................^...
............................
.......%....................
P..........................#
..................P.........
....#.......................
[.....#.#......P.P..........


You could see an eight-headed hydra, a cane toad, a black bear and 4 nagas.

Vanquished Creatures
  3 death yaks (Lair:2)
  Joseph (D:7)
  Maurice (D:8)
  A black mamba (Lair:1)
  A cane toad (Lair:1)
  2 komodo dragons (Lair:2)
  9 blink frogs
  Grinder (D:3)
  2 wyverns
  21 yaks
  2 basilisks
  A naga (Lair:2)
  4 water moccasins
  3 orc warriors
  2 sky beasts (D:7)
  An ice beast (D:6)
  4 black bears
  8 wolves
  A phantom (D:5)
  6 centaurs
  2 kobold brigands (D:8)
  10 bullfrogs
  A scorpion (D:6)
  5 wights (D:7)
  3 killer bees (D:7)
  A vampire bat (D:3)
  2 hounds
  2 jellies
  9 orc priests
  3 iguanas
  5 orc wizards
  2 adders (D:3)
  A river rat (D:3)
  2 shadow imps (D:7)
  3 white imps
  3 ufetubi
  2 worms (D:3)
  33 orcs
  4 ball pythons
  A bat (D:2)
  5 bat skeletons (D:3)
  2 bat zombies (D:3)
  11 endoplasms
  2 giant cockroaches
  10 goblins
  5 hobgoblins
  6 jackals
  13 kobolds
  3 quokkas
  A frilled lizard (D:1)
  A rat (D:2)
227 creatures vanquished.

Vanquished Creatures (others)
  3 fungi
  7 plants
10 creatures vanquished.

Grand Total: 237 creatures vanquished

Notes
Turn   | Place    | Note
-------+----------+-------------------------------------------
     0 | D:1      | qw the Gargoyle Fighter began the quest for the Orb.
     0 | D:1      | Reached XP level 1. HP: 14/14 MP: 1/1
     0 | D:1      | 0 ||| qw: Version: 0.2-a-12-gaebbb33
     0 | D:1      | 0 ||| qw: Game counter: 1501
     0 | D:1      | 0 ||| qw: Always use a shield: true
     0 | D:1      | 0 ||| qw: God list: Okawaru
     0 | D:1      | 0 ||| qw: Allow faded altars: false
     0 | D:1      | 0 ||| qw: Do Orc after D:15 true
     0 | D:1      | 0 ||| qw: Do second Lair branch before Depths: true
     0 | D:1      | 0 ||| qw: Lair rune preference: random
     0 | D:1      | 0 ||| qw: Plans: Normal, Zot:1-4, God:TSO, Crypt, Tomb,
                  | Pan, Slime:5, Hells, Abyss, Orb
     0 | D:1      | 0 ||| PLANNING D:1-11
    28 | D:1      | Reached skill level 2 in Axes
   196 | D:1      | Found Biwomm's Weapon Emporium.
   210 | D:1      | 210 ||| Stepping ~*~*~tactically~*~*~ (stealth).
   212 | D:1      | 212 ||| Stepping ~*~*~tactically~*~*~ (stealth).
   217 | D:1      | Reached XP level 2. HP: 19/19 MP: 2/2
   535 | D:1      | Found a faded altar of an unknown god.
   558 | D:1      | Reached skill level 3 in Axes
  1062 | D:1      | 1062 ||| READING scroll labelled LEMUMM ZELI.
  1063 | D:1      | 1063 ||| READING 2 scrolls labelled FIETENUNED.
  1066 | D:1      | 1066 ||| DRINKING 3 ruby potions.
  1088 | D:2      | 1088 ||| Stepping ~*~*~tactically~*~*~ (stealth).
  1092 | D:2      | Reached XP level 3. HP: 23/23 MP: 3/3
  1098 | D:2      | 1098 ||| Stepping ~*~*~tactically~*~*~ (stealth).
  1756 | D:2      | 1756 ||| READING scroll labelled VIR MIMMUBOIB.
  1757 | D:2      | 1757 ||| READING scroll labelled SOENOS UBEOSAM.
  1780 | D:3      | 1780 ||| PLANNING SEWER
  1928 | D:3      | Found a sacrificial altar of Ru.
  1956 | D:3      | Reached XP level 4. HP: 25/28 MP: 4/4
  1965 | D:3      | 1965 ||| Stepping ~*~*~tactically~*~*~ (stealth).
  1977 | D:3      | Noticed Grinder
  1978 | D:3      | 1978 ||| FLEEEEING.
  2108 | D:3      | 2108 ||| Stepping ~*~*~tactically~*~*~ (stealth).
  2110 | D:3      | 2110 ||| Stepping ~*~*~tactically~*~*~ (hiding).
  2112 | D:3      | 2112 ||| Stepping ~*~*~tactically~*~*~ (hiding).
  2119 | D:3      | Paralysed by Grinder for 4 turns
  2120 | D:3      | Reached skill level 4 in Axes
  2132 | D:3      | Paralysed by Grinder for 5 turns
  2146 | D:3      | 2146 ||| Stepping ~*~*~tactically~*~*~ (hiding).
  2154 | D:3      | 2154 ||| Stepping ~*~*~tactically~*~*~ (hiding).
  2265 | D:3      | 2265 ||| Stepping ~*~*~tactically~*~*~ (stealth).
  2266 | D:3      | 2266 ||| Stepping ~*~*~tactically~*~*~ (stealth).
  2271 | D:3      | 2271 ||| Stepping ~*~*~tactically~*~*~ (stealth).
  2380 | D:3      | Found an ancient bone altar of Kikubaaqudgha.
  2384 | D:3      | Reached XP level 5. HP: 32/32 MP: 5/5
  2429 | D:3      | 2429 ||| Stepping ~*~*~tactically~*~*~ (hiding).
  2438 | D:3      | Paralysed by Grinder for 4 turns
  2447 | D:3      | Killed Grinder
  2448 | D:3      | Reached skill level 6 in Axes
  2448 | D:3      | Reached XP level 6. HP: 12/37 MP: 6/6
  2474 | D:3      | 2474 ||| RIP SEWER
  2652 | D:3      | 2652 ||| PLANNING D:1-11
  2758 | D:3      | 2758 ||| Stepping ~*~*~tactically~*~*~ (stealth).
  2772 | D:3      | 2772 ||| FLEEEEING.
  2774 | D:3      | 2774 ||| FLEEEEING.
  2775 | D:3      | 2775 ||| FLEEEEING.
  2776 | D:3      | 2776 ||| FLEEEEING.
  2777 | D:3      | 2777 ||| FLEEEEING.
  2778 | D:3      | 2778 ||| FLEEEEING.
  2779 | D:3      | 2779 ||| FLEEEEING.
  2780 | D:3      | 2780 ||| FLEEEEING.
  2795 | D:3      | 2795 ||| FLEEEEING.
  2799 | D:3      | 2799 ||| STAIRDANCE
  2844 | D:3      | 2844 ||| STAIRDANCE
  3068 | D:3      | 3068 ||| DRINKING 4 potions of curing.
  3068 | D:3      | 3068 ||| (to cure confusion)
  3392 | D:3      | 3392 ||| DRINKING 2 coppery potions.
  3417 | D:4      | 3417 ||| Stepping ~*~*~tactically~*~*~ (stealth).
  3423 | D:4      | Reached skill level 1 in Dodging
  3453 | D:4      | 3453 ||| Stepping ~*~*~tactically~*~*~ (stealth).
  3455 | D:4      | 3455 ||| Stepping ~*~*~tactically~*~*~ (hiding).
  3456 | D:4      | 3456 ||| Stepping ~*~*~tactically~*~*~ (hiding).
  3469 | D:4      | HP: 7/38 [orc priest/divine providence (8)]
  3470 | D:4      | 3470 ||| READING 3 scrolls of teleportation.
  3574 | D:4      | 3574 ||| Invisible monster not found???
  3746 | D:4      | Reached XP level 7. HP: 43/43 MP: 7/7
  3746 | D:4      | 3746 ||| Stepping ~*~*~tactically~*~*~ (stealth).
  3747 | D:4      | 3747 ||| Stepping ~*~*~tactically~*~*~ (stealth).
  3751 | D:4      | 3751 ||| Stepping ~*~*~tactically~*~*~ (hiding).
  3753 | D:4      | 3753 ||| Stepping ~*~*~tactically~*~*~ (hiding).
  3754 | D:4      | 3754 ||| Stepping ~*~*~tactically~*~*~ (hiding).
  3860 | D:4      | Found a glowing silver altar of Zin.
  3994 | D:4      | Found a basalt altar of Yredelemnul.
  4455 | D:4      | 4455 ||| DROPPING +0 whip.
  4556 | D:4      | 4556 ||| UPGRADING to +0 cloak.
  4590 | D:5      | Entered Level 5 of the Dungeon
  4778 | D:5      | Noticed qw's ghost (novice GrFi)
  4786 | D:5      | Found a runed translucent gate.
  4786 | D:5      | Found a runed translucent gate.
  4786 | D:5      | Found a runed translucent gate.
  4843 | D:5      | 4843 ||| Stepping ~*~*~tactically~*~*~ (stealth).
  4871 | D:5      | 4871 ||| Stepping ~*~*~tactically~*~*~ (hiding).
  4872 | D:5      | 4872 ||| Stepping ~*~*~tactically~*~*~ (hiding).
  4887 | D:5      | 4887 ||| Stepping ~*~*~tactically~*~*~ (stealth).
  4889 | D:5      | 4889 ||| Stepping ~*~*~tactically~*~*~ (stealth).
  4891 | D:5      | 4891 ||| FLEEEEING.
  4892 | D:5      | 4892 ||| FLEEEEING.
  4893 | D:5      | 4893 ||| FLEEEEING.
  4894 | D:5      | 4894 ||| FLEEEEING.
  4895 | D:5      | 4895 ||| FLEEEEING.
  4896 | D:5      | 4896 ||| FLEEEEING.
  4897 | D:5      | 4897 ||| FLEEEEING.
  4898 | D:5      | 4898 ||| FLEEEEING.
  4899 | D:5      | 4899 ||| FLEEEEING.
  4900 | D:5      | 4900 ||| FLEEEEING.
  4901 | D:5      | 4901 ||| FLEEEEING.
  4902 | D:5      | 4902 ||| FLEEEEING.
  4903 | D:5      | 4903 ||| FLEEEEING.
  4904 | D:5      | 4904 ||| FLEEEEING.
  4905 | D:5      | 4905 ||| FLEEEEING.
  4906 | D:5      | 4906 ||| FLEEEEING.
  4907 | D:5      | 4907 ||| FLEEEEING.
  4908 | D:5      | 4908 ||| FLEEEEING.
  4909 | D:5      | 4909 ||| FLEEEEING.
  4910 | D:5      | 4910 ||| FLEEEEING.
  4911 | D:5      | 4911 ||| FLEEEEING.
  4912 | D:5      | 4912 ||| FLEEEEING.
  4913 | D:5      | 4913 ||| FLEEEEING.
  4914 | D:5      | 4914 ||| FLEEEEING.
  4915 | D:5      | 4915 ||| FLEEEEING.
  4916 | D:5      | 4916 ||| FLEEEEING.
  4917 | D:5      | 4917 ||| FLEEEEING.
  4918 | D:5      | 4918 ||| FLEEEEING.
  4919 | D:5      | 4919 ||| FLEEEEING.
  4920 | D:5      | 4920 ||| FLEEEEING.
  4921 | D:5      | 4921 ||| FLEEEEING.
  4922 | D:5      | 4922 ||| FLEEEEING.
  4923 | D:5      | 4923 ||| FLEEEEING.
  4924 | D:5      | 4924 ||| FLEEEEING.
  4925 | D:5      | 4925 ||| FLEEEEING.
  4926 | D:5      | 4926 ||| FLEEEEING.
  4927 | D:5      | 4927 ||| FLEEEEING.
  4928 | D:5      | 4928 ||| FLEEEEING.
  4929 | D:5      | 4929 ||| FLEEEEING.
  4930 | D:5      | 4930 ||| FLEEEEING.
  4931 | D:5      | 4931 ||| FLEEEEING.
  4932 | D:5      | 4932 ||| FLEEEEING.
  4933 | D:5      | 4933 ||| FLEEEEING.
  4934 | D:5      | 4934 ||| FLEEEEING.
  4935 | D:5      | 4935 ||| FLEEEEING.
  4936 | D:5      | 4936 ||| FLEEEEING.
  4937 | D:5      | 4937 ||| FLEEEEING.
  4938 | D:5      | 4938 ||| FLEEEEING.
  4939 | D:5      | 4939 ||| FLEEEEING.
  4940 | D:5      | 4940 ||| FLEEEEING.
  4941 | D:5      | 4941 ||| FLEEEEING.
  4942 | D:5      | 4942 ||| FLEEEEING.
  4943 | D:5      | 4943 ||| FLEEEEING.
  4944 | D:5      | 4944 ||| FLEEEEING.
  4945 | D:5      | 4945 ||| FLEEEEING.
  4946 | D:5      | 4946 ||| FLEEEEING.
  4947 | D:5      | 4947 ||| FLEEEEING.
  4948 | D:5      | 4948 ||| FLEEEEING.
  4949 | D:5      | 4949 ||| FLEEEEING.
  4950 | D:5      | 4950 ||| FLEEEEING.
  4951 | D:5      | 4951 ||| FLEEEEING.
  4952 | D:5      | 4952 ||| FLEEEEING.
  4953 | D:5      | 4953 ||| FLEEEEING.
  4954 | D:5      | 4954 ||| FLEEEEING.
  4955 | D:5      | 4955 ||| FLEEEEING.
  4956 | D:5      | 4956 ||| FLEEEEING.
  4957 | D:5      | 4957 ||| FLEEEEING.
  4958 | D:5      | 4958 ||| FLEEEEING.
  4959 | D:5      | 4959 ||| FLEEEEING.
  4960 | D:5      | 4960 ||| FLEEEEING.
  4961 | D:5      | 4961 ||| FLEEEEING.
  4962 | D:5      | 4962 ||| FLEEEEING.
  4963 | D:5      | 4963 ||| FLEEEEING.
  4964 | D:5      | 4964 ||| FLEEEEING.
  4965 | D:5      | 4965 ||| FLEEEEING.
  4966 | D:5      | 4966 ||| FLEEEEING.
  4967 | D:5      | 4967 ||| FLEEEEING.
  4968 | D:5      | 4968 ||| FLEEEEING.
  4969 | D:5      | 4969 ||| FLEEEEING.
  4970 | D:5      | 4970 ||| FLEEEEING.
  4971 | D:5      | 4971 ||| FLEEEEING.
  4972 | D:5      | 4972 ||| FLEEEEING.
  4973 | D:5      | 4973 ||| FLEEEEING.
  4974 | D:5      | 4974 ||| FLEEEEING.
  4975 | D:5      | 4975 ||| FLEEEEING.
  4976 | D:5      | 4976 ||| FLEEEEING.
  4977 | D:5      | 4977 ||| FLEEEEING.
  4978 | D:5      | 4978 ||| FLEEEEING.
  4979 | D:5      | 4979 ||| FLEEEEING.
  4980 | D:5      | 4980 ||| FLEEEEING.
  4981 | D:5      | 4981 ||| FLEEEEING.
  4982 | D:5      | 4982 ||| FLEEEEING.
  4983 | D:5      | 4983 ||| FLEEEEING.
  4984 | D:5      | 4984 ||| FLEEEEING.
  4985 | D:5      | 4985 ||| FLEEEEING.
  4986 | D:5      | 4986 ||| FLEEEEING.
  4987 | D:5      | 4987 ||| STAIRDANCE
  5032 | D:4      | 5032 ||| UPGRADING to +0 chain mail.
  5042 | D:4      | 5042 ||| DROPPING +0 scale mail.
  5043 | D:4      | 5043 ||| READING 3 scrolls labelled NINOWO HUIXKYU.
  5044 | D:4      | 5044 ||| READING scroll labelled RURPHUM PEXA.
  5045 | D:4      | 5045 ||| READING scroll labelled DUUSYL DIEC.
  5046 | D:4      | 5046 ||| DRINKING 3 amethyst potions.
  5147 | D:4      | 5147 ||| DROPPING 2 potions of ambrosia.
  5148 | D:4      | 5148 ||| DROPPING 2 scrolls of noise.
  5151 | D:5      | 5151 ||| STAIRDANCE
  5200 | D:5      | Found a sparkling altar of Nemelex Xobeh.
  5200 | D:5      | Found a transporter.
  5248 | D:5      | 5248 ||| SWAPPING to +1 war axe of flaming.
  5249 | D:5      | 5249 ||| DROPPING +0 flail.
  5250 | D:5      | 5250 ||| DROPPING +0 war axe.
  5584 | D:5      | Reached skill level 7 in Axes
  5726 | D:5      | 5726 ||| UPGRADING to ring of resist corrosion.
  5727 | D:5      | 5727 ||| DRINKING 2 bubbling red potions.
  5728 | D:5      | 5728 ||| DRINKING 2 dark potions.
  5985 | D:6      | Reached XP level 8. HP: 43/48 MP: 8/8
  6131 | D:6      | 6131 ||| Stepping ~*~*~tactically~*~*~ (hiding).
  6846 | D:6      | 6846 ||| UPGRADING to +0 plate armour.
  6856 | D:6      | 6856 ||| DROPPING +0 chain mail.
  6857 | D:6      | 6857 ||| DROPPING amulet of faith.
  6858 | D:6      | 6858 ||| UPGRADING to ring of protection from cold.
  6859 | D:6      | 6859 ||| READING scroll labelled JUMUNU LUOQYCS.
  6860 | D:6      | 6860 ||| READING scroll labelled KOCWUL ELOUMU.
  6860 | D:6      | Identified a scroll of acquirement
  6860 | D:6      | 6860 ||| ACQUIRING +2 hat of the Evening {Stlth+}
  6860 | D:6      | Acquired the +2 hat of the Evening {Stlth+}
  6862 | D:6      | 6862 ||| UPGRADING to +2 hat of the Evening {Stlth+}.
  6867 | D:6      | 6867 ||| READING scroll labelled PEIDIT JICECASANK.
  6913 | D:7      | 6913 ||| Stepping ~*~*~tactically~*~*~ (hiding).
  7038 | D:7      | Noticed a wyvern
  7043 | D:7      | Killed a wyvern
  7047 | D:7      | Reached skill level 8 in Axes
  7078 | D:7      | Found a shimmering altar of Xom.
  7085 | D:7      | Noticed Joseph
  7090 | D:7      | HP: 7/49 [Joseph/+0 quarterstaff (12)]
  7091 | D:7      | 7091 ||| READING 8 scrolls of teleportation.
  7092 | D:7      | 7092 ||| DRINKING 2 potions of heal wounds.
  7094 | D:7      | Found a burning altar of Makhleb.
  7098 | D:7      | 7098 ||| Stepping ~*~*~tactically~*~*~ (stealth).
  7104 | D:7      | HP: 11/49 [Joseph/sling bullet (9)]
  7105 | D:7      | 7105 ||| READING 7 scrolls of teleportation.
  7105 | D:7      | HP: 4/50 [Joseph/sling bullet (6)]
  7106 | D:7      | 7106 ||| DRINKING potion of heal wounds.
  7171 | D:7      | Killed Joseph
  7172 | D:7      | Reached XP level 9. HP: 21/57 MP: 9/9
  7184 | D:7      | 7184 ||| FLEEEEING.
  7185 | D:7      | 7185 ||| FLEEEEING.
  7188 | D:7      | 7188 ||| STAIRDANCE
  7361 | D:6      | 7361 ||| READING scroll labelled PEPSEX YTUEROA.
  7367 | D:7      | 7367 ||| Stepping ~*~*~tactically~*~*~ (stealth).
  7392 | D:7      | Found a staircase to the Ecumenical Temple.
  7393 | D:7      | 7393 ||| PLANNING TEMPLE
  7393 | D:7      | 7393 ||| READING scroll labelled SAXTOW WAAQOULL.
  7402 | Temple   | Entered the Ecumenical Temple
  7403 | Temple   | 7403 ||| PLANNING OKAWARU WORSHIP
  7515 | Temple   | Became a worshipper of Warmaster Okawaru
  7516 | Temple   | 7516 ||| PLANNING D:1-11
  7597 | D:7      | 7597 ||| Stepping ~*~*~tactically~*~*~ (hiding).
  7637 | D:7      | Found a shadowy altar of Dithmenos.
  7668 | D:7      | 7668 ||| Stepping ~*~*~tactically~*~*~ (stealth).
  7677 | D:7      | 7677 ||| Stepping ~*~*~tactically~*~*~ (stealth).
  7682 | D:7      | Reached skill level 9 in Axes
  7694 | D:7      | Reached * piety under Okawaru
  7695 | D:7      | 7695 ||| INVOKING Heroism.
  7789 | D:7      | 7789 ||| FLEEEEING.
  7790 | D:7      | 7790 ||| FLEEEEING.
  7791 | D:7      | 7791 ||| FLEEEEING.
  7835 | D:7      | 7835 ||| Stepping ~*~*~tactically~*~*~ (hiding).
  7837 | D:7      | 7837 ||| Stepping ~*~*~tactically~*~*~ (hiding).
  7951 | D:7      | Found a white marble altar of Elyvilon.
  7990 | D:7      | 7990 ||| Stepping ~*~*~tactically~*~*~ (stealth).
  7992 | D:7      | 7992 ||| Stepping ~*~*~tactically~*~*~ (stealth).
  8000 | D:7      | Reached skill level 6 in Armour
  8030 | D:7      | Found a bloodstained altar of Trog.
  8176 | D:8      | 8176 ||| STAIRDANCE
  8178 | D:7      | 8178 ||| INVOKING Heroism.
  8183 | D:7      | Reached skill level 1 in Invocations
  8206 | D:8      | 8206 ||| STAIRDANCE
  8208 | D:7      | 8208 ||| INVOKING Heroism.
  8294 | D:8      | 8294 ||| STAIRDANCE
  8301 | D:8      | 8301 ||| STAIRDANCE
  8371 | D:8      | 8371 ||| STAIRDANCE
  8373 | D:7      | 8373 ||| INVOKING Heroism.
  8391 | D:8      | 8391 ||| INVOKING Heroism.
  8391 | D:8      | Noticed Maurice
  8398 | D:8      | 8398 ||| STAIRDANCE
  8494 | D:8      | Killed Maurice
  8495 | D:8      | Reached XP level 10. HP: 63/63 MP: 11/13
  8588 | D:8      | 8588 ||| Stepping ~*~*~tactically~*~*~ (stealth).
  8590 | D:8      | 8590 ||| Stepping ~*~*~tactically~*~*~ (stealth).
  8592 | D:8      | 8592 ||| INVOKING Heroism.
  8596 | D:8      | 8596 ||| Stepping ~*~*~tactically~*~*~ (hiding).
  8599 | D:8      | 8599 ||| Stepping ~*~*~tactically~*~*~ (hiding).
  8710 | D:8      | Found a transporter.
  8717 | D:8      | Found a transporter.
  8719 | D:8      | Found a transporter.
  8763 | D:8      | Found a flagged portal.
  8765 | D:8      | 8765 ||| INVOKING Heroism.
  8842 | D:8      | 8842 ||| INVOKING Heroism.
  8846 | D:8      | 8846 ||| Stepping ~*~*~tactically~*~*~ (stealth).
  8848 | D:8      | 8848 ||| Stepping ~*~*~tactically~*~*~ (stealth).
  8853 | D:8      | Reached skill level 10 in Axes
  8905 | D:8      | Found a transporter.
  8952 | D:8      | 8952 ||| INVOKING Heroism.
  9007 | D:8      | 9007 ||| Stepping ~*~*~tactically~*~*~ (stealth).
  9080 | D:8      | 9080 ||| Stepping ~*~*~tactically~*~*~ (hiding).
  9234 | D:8      | Found a staircase to the Lair.
  9435 | D:8      | 9435 ||| PLANNING LAIR
  9435 | D:8      | 9435 ||| DROPPING +1 hat.
  9436 | D:8      | 9436 ||| READING 2 scrolls labelled TAUNOF ESIUPNO.
  9437 | D:8      | 9437 ||| READING scroll labelled OSYERA UFEU.
  9497 | D:8      | 9497 ||| DROPPING +0 whip.
  9498 | D:8      | 9498 ||| DRINKING 3 emerald potions.
  9499 | D:8      | 9499 ||| DROPPING 2 potions of brilliance.
  9557 | Lair:1   | Entered Level 1 of the Lair of Beasts
  9600 | Lair:1   | 9600 ||| DROPPING +0 flail.
  9609 | Lair:1   | 9609 ||| INVOKING Heroism.
  9614 | Lair:1   | Noticed a black mamba
  9630 | Lair:1   | Killed a black mamba
  9631 | Lair:1   | Reached skill level 3 in Throwing
  9635 | Lair:1   | Reached ** piety under Okawaru
  9663 | Lair:1   | 9663 ||| DROPPING +1 flail of protection.
  9704 | Lair:1   | 9704 ||| Stepping ~*~*~tactically~*~*~ (stealth).
  9706 | Lair:1   | 9706 ||| Stepping ~*~*~tactically~*~*~ (stealth).
  9725 | Lair:1   | 9725 ||| INVOKING Heroism.
  9887 | Lair:1   | 9887 ||| INVOKING Heroism.
  9905 | Lair:1   | Reached *** piety under Okawaru
  9908 | Lair:1   | Reached skill level 11 in Axes
  9921 | Lair:1   | Reached XP level 11. HP: 54/68 MP: 14/14
  9995 | Lair:1   | 9995 ||| INVOKING Heroism.
 10038 | Lair:1   | 10038 ||| Stepping ~*~*~tactically~*~*~ (stealth).
 10044 | Lair:1   | 10044 ||| INVOKING Heroism.
 10055 | Lair:1   | Reached skill level 9 in Fighting
 10096 | Lair:1   | 10096 ||| INVOKING Heroism.
 10125 | Lair:1   | Reached **** piety under Okawaru
 10431 | Lair:1   | 10431 ||| READING 2 scrolls of identify.
 10431 | Lair:1   | 10431 ||| IDENTIFYING cyan potion
 10432 | Lair:1   | 10432 ||| DROPPING potion of flight.
 10460 | Lair:2   | 10460 ||| INVOKING Heroism.
 10461 | Lair:2   | 10461 ||| Stepping ~*~*~tactically~*~*~ (stealth).
 10474 | Lair:2   | 10474 ||| INVOKING Heroism.
 10476 | Lair:2   | Received a gift from Okawaru
 10483 | Lair:2   | Noticed a death yak
 10491 | Lair:2   | Noticed a death yak
 10491 | Lair:2   | Noticed a death yak
 10495 | Lair:2   | 10495 ||| INVOKING Heroism.
 10511 | Lair:2   | Killed a death yak
 10513 | Lair:2   | Received a gift from Okawaru
 10514 | Lair:2   | Reached skill level 6 in Invocations
 10516 | Lair:2   | Reached skill level 12 in Axes
 10524 | Lair:2   | Killed a death yak
 10524 | Lair:2   | Reached ***** piety under Okawaru
 10525 | Lair:2   | 10525 ||| INVOKING Finesse.
 10530 | Lair:2   | 10530 ||| INVOKING Heroism.
 10538 | Lair:2   | Killed a death yak
 10662 | Lair:2   | Found a staircase to the Shoals.
 10739 | Lair:2   | 10739 ||| FLEEEEING.
 10740 | Lair:2   | 10740 ||| FLEEEEING.
 10741 | Lair:2   | 10741 ||| FLEEEEING.
 10743 | Lair:2   | 10743 ||| INVOKING Heroism.
 10750 | Lair:2   | Reached XP level 12. HP: 43/76 MP: 14/17
 10756 | Lair:2   | Noticed an eight-headed hydra
 10757 | Lair:2   | 10757 ||| INVOKING Finesse.
 10760 | Lair:2   | Reached skill level 6 in Shields
 10764 | Lair:2   | 10764 ||| SWAPPING to +0 morningstar.
 10765 | Lair:2   | 10765 ||| Stepping ~*~*~tactically~*~*~ (outnumbered).
 10767 | Lair:2   | 10767 ||| Stepping ~*~*~tactically~*~*~ (outnumbered).
 10768 | Lair:2   | 10768 ||| Stepping ~*~*~tactically~*~*~ (outnumbered).
 10769 | Lair:2   | 10769 ||| Stepping ~*~*~tactically~*~*~ (outnumbered).
 10770 | Lair:2   | 10770 ||| Stepping ~*~*~tactically~*~*~ (outnumbered).
 10772 | Lair:2   | 10772 ||| Stepping ~*~*~tactically~*~*~ (outnumbered).
 10773 | Lair:2   | 10773 ||| INVOKING Heroism.
 10777 | Lair:2   | HP: 16/76 [naga/+0 scimitar (4)]
 10778 | Lair:2   | 10778 ||| READING 6 scrolls of teleportation.
 10778 | Lair:2   | HP: 5/76 [eight-headed hydra (6)]
 10778 | Lair:2   | Slain by an eight-headed hydra

Levels and vault maps discovered:
D:1:      dpeg_arrival_chambers_temple_mockup, layout_basic, serial_aquarium,
          aquarium_bridge_long_joined [aquarium_subvault_window,
          aquarium_subvault_window, aquarium_subvault_window,
          aquarium_subvault_window, aquarium_subvault_window,
          aquarium_subvault_bridge], aquarium_bridge_square
          [aquarium_subvault_balcony, aquarium_subvault_wall,
          aquarium_subvault_bridge, aquarium_subvault_bridge],
          aquarium_window_fake, aquarium_window_2, aquarium_window_1,
          aquarium_view_2f, aquarium_balcony_3b, aquarium_pool_five,
          ebering_ecumenical_altar_webs, serial_shops,
          nicolae_shop_bloodbath_and_beyond
D:2:      layout_rooms
D:3:      layout_basic, kennysheep_vampire_church, lemuel_crystal_altar,
          gup_sewer_entry_bowl, uniq_grinder
D:4:      layout_gridville, mainiacjoe_overflow_six_doors_small,
          kennysheep_mini, nicolae_hexahallways
D:5:      layout_basic, grunt_nemelex_the_gamble, gammafunk_ghost_split,
          grunt_decor_mini_mirrors
D:6:      layout_layer_cave
D:7:      layout_rooms, general_overflow_altar, kennysheep_little_box,
          bloody_makhleb, trog_three_pillars_becter,
          minmay_temple_entry_proselytizer, minmay_ruined_shrine, uniq_joseph
D:8:      layout_loops_ring, dpeg_oklobed_lair, enter_bailey_3,
          nicolae_transporter_circle, uniq_maurice
Temple:   nicolae_temple_two_arcs
Lair:1:   layout_roguey, minivault_19
Lair:2:   layout_cave_shapes, minmay_shoals_entry_centaurs,
          minmay_snake_entry_guardpost_medium, grunt_megastairs_5

Skill      XL: |  1  2  3  4  5  6  7  8  9 10 11 12 |
---------------+-------------------------------------+-----
Axes           | 2 3 4 6 7 8 9 11 12 | 12.0
Fighting       | 4 7 8 9 |  9.0
Dodging        | 1 2 |  2.0
Throwing       | 2 3 |  3.7
Armour         | 4 6 8 |  8.0
Shields        | 4 5 6 |  6.0
Invocations    | 4 7 |  7.9

Action                   |  1- 3 |  4- 6 |  7- 9 | 10-12 || total
-------------------------+-------+-------+-------+-------++-------
Melee: War axe           |   105 |   141 |   232 |   259 ||   737
       Morningstar       |       |       |       |     6 ||     6
Throw: Javelin           |       |       |    28 |    32 ||    60
Invok: Heroism           |       |       |     5 |    16 ||    21
       Finesse           |       |       |       |     2 ||     2
  Use: Scroll            |     4 |     1 |    10 |     4 ||    19
       Potion            |     1 |     2 |     5 |     1 ||     9
Armor: Scale mail        |    54 |   100 |    27 |       ||   181
       Chain mail        |       |       |    42 |       ||    42
       Plate armour      |       |       |    98 |   172 ||   270
Dodge: Dodged            |    42 |    64 |    89 |   116 ||   311
Block: Buckler           |     7 |    30 |    48 |    88 ||   173

Table legend:
 A = Non-vault XP
 B = Vault XP
 C = Vault XP percentage of total XP
 D = Non-vault monster count
 E = Vault monster count
 F = Vault count percentage of total count
                 A         B        C        D         E       F
            +---------+---------+-------+---------+---------+-------
      Total |   15491 |    3900 |  20.1 |     187 |      40 |  17.6
            +---------+---------+-------+---------+---------+-------
        D:1 |      32 |       0 |   0.0 |      17 |       0 |   0.0
        D:2 |      24 |       0 |   0.0 |      13 |       0 |   0.0
        D:3 |     145 |     360 |  71.3 |      20 |      13 |  39.4
        D:4 |     138 |       0 |   0.0 |      13 |       0 |   0.0
        D:5 |     402 |       0 |   0.0 |      13 |       0 |   0.0
        D:6 |     621 |       0 |   0.0 |      12 |       0 |   0.0
        D:7 |    1676 |    1151 |  40.7 |      31 |      10 |  24.4
        D:8 |     517 |     470 |  47.6 |      18 |       5 |  21.7
     Lair:1 |    6032 |       0 |   0.0 |      31 |       0 |   0.0
     Lair:2 |    5904 |    1919 |  24.5 |      19 |      12 |  38.7
            +---------+---------+-------+---------+---------+-------
